 Dungeon Crawl Stone Soup version 0.19-a0-1740-g0bcaf2e (webtiles) character file.

2573 4thArraOfDagon the Carver (level 9, -2/85 (86) HPs)
             Began as a Minotaur Monk on Oct 1, 2016.
             Was a Priest of Okawaru.
             Slain by an orc knight
             ... wielding a +0 great sword
              (14 damage)
             ... on level 11 of the Dungeon.
             The game lasted 00:16:29 (2844 turns).

4thArraOfDagon the Carver (Minotaur Monk)           Turns: 2844, Time: 00:16:30

HP:   -2/85 (86)    AC: 14    Str: 16    XL:     9   Next: 32%
MP:   10/10         EV: 12    Int:  8    God:    Okawaru [***...]
Gold: 203           SH: 10    Dex: 13    Spells: 1 memorised, 7 levels left

rFire  + . .     SeeInvis .     j - +2 falchion
rCold  . . .     Gourm    .     y - +1 chain mail {rF+}
rNeg   . . .     Faith    .     (no shield)
rPois  .         Spirit   .     (helmet restricted)
rElec  .         Dismiss  .     (no cloak)
rCorr  .         Reflect  +     (no gloves)
MR     .....     Harm     .     (no boots)
Stlth  ..........               o - +6 amulet of reflection
                                E - ring of wizardry
                                m - +1 ring of protection

@: heroism, very slightly contaminated
A: retaliatory headbutt, hooves 1, horns 2, large bone plates 1, clumsy 1,
robust 1, no device heal 1
a: Heroism, Renounce Religion


You were on level 11 of the Dungeon.
You worshipped Okawaru.
Okawaru was most pleased with you.
You were not hungry.

You visited 2 branches of the dungeon, and saw 13 of its levels.

You collected 293 gold pieces.
You spent 90 gold pieces at shops.

Inventory:

Hand Weapons
 a - a +0 falchion
 j - a +2 falchion (weapon)
Armour
 b - a +0 robe
 d - a +1 chain mail
 y - a +1 chain mail of fire resistance (worn)
Jewellery
 m - a +1 ring of protection (left hand)
 o - a +6 amulet of reflection (around neck)
 q - an uncursed ring of flight
 v - an uncursed ring of ice
 x - an uncursed amulet of harm
 E - a ring of wizardry (right hand)
Wands
 g - a wand of random effects (28/48)
 l - a wand of flame (20/48)
 p - a wand of flame (12/48)
 r - a wand of acid (1/15)
 s - a wand of disintegration (5/24)
 C - a wand of polymorph (5/24)
 F - a wand of disintegration (17/24)
Scrolls
 h - a scroll of enchant armour
 i - a scroll of remove curse
 k - a scroll of blinking {unknown}
 n - a scroll of fog
Potions
 e - 3 potions of brilliance
 f - a potion of flight
 t - a potion of cancellation
 u - a potion of magic
 A - a potion of curing
 B - a potion of degeneration
Comestibles
 c - a bread ration
 D - a meat ration


   Skills:
 + Level 7.4(12.4) Fighting
 * Level 10.0(15.0) Long Blades
 + Level 6.0(11.0) Armour
 + Level 6.6(11.6) Dodging
 - Level 1.5(6.5) Stealth
 + Level 3.7 Invocations


You had 7 spell levels left.
You knew the following spells:

 Your Spells              Type           Power        Failure   Level  Hunger
a - Apportation           Tloc           #.........   98%         1    ##.....


Dungeon Overview and Level Annotations

Branches:
Dungeon (12/15)            Temple (1/1) D:4             Orc (0/2) D:9
   Lair: D:8-11

Altars:
Ashenzari
Dithmenos
Fedhas
Hepliaklqana
Kikubaaqudgha
Makhleb
Nemelex Xobeh
Okawaru
Qazlal
Ru
Trog
Uskayaw
Xom
Yredelemnul
Zin

Shops:
D:4 ?   D:5 =   D:7 *([[(


Innate Abilities, Weirdness & Mutations

You reflexively headbutt those who attack you in melee.
You have a pair of horns on your head.
You have large cloven feet.
You are partially covered in large bone plates. (SH +4)
You are clumsy. (Dex -2)
You are robust. (+10% HP)
Potions and wands are less effective at restoring your health.


Message History

Unknown command.
You hit the orc knight but do no damage.
You kick the orc knight, but do no damage.
Your headbutt misses the orc knight.
The orc knight is almost dead.
Unknown command.
You hit the orc knight.
The orc knight is almost dead.
The orc knight closely misses you. You furiously retaliate!
You headbutt the orc knight, but do no damage.
Unknown command.
You hit the orc knight but do no damage.
Your kick misses the orc knight.
You headbutt the orc knight, but do no damage.
The orc knight is almost dead.
Unknown command.
Your chain mail prevents you from hitting the orc knight.
The orc knight is almost dead.
The orc knight hits you with a great sword!
You die...

#.#....##... ..
.......+ ..# ....
#####...###.# ....
........<#..####...
####.#..[#.#.#..# ....
#..........#
.....#..##.##...#
........##..o...######
........#####@>.......
...#....()))....######
## #..#.#########
#....# #.#### #. ##


You could see an orc knight.

Vanquished Creatures
  A hippogriff (D:9)
  An orc warrior (D:11)
  An ice beast (D:7)
  A phantom (D:6)
  A necrophage (D:8)
  3 centaurs (D:7)
  4 ogres
  2 crocodiles
  2 big kobolds
  4 bullfrogs (D:8)
  A scorpion (D:8)
  3 wights
  6 hounds
  5 orc priests
  A jelly (D:6)
  A centaur skeleton (D:9)
  A bullfrog skeleton (D:5)
  4 iguanas
  3 orc wizards
  A worker ant (D:8)
  A hound skeleton (D:8)
  4 adders
  A shadow imp (D:10)
  2 oozes
  A dart slug (D:3)
  3 leopard geckos
  24 orcs
  2 giant cockroaches
  A goblin (D:3)
  A hobgoblin (D:1)
  7 jackals
  3 quokkas
  A bat (D:2)
  3 frilled lizards
  10 kobolds
  3 rats
113 creatures vanquished.

Notes
Turn   | Place    | Note
-------+----------+-------------------------------------------
     0 | D:1      | 4thArraOfDagon the Minotaur Monk began the quest for the Orb.
     0 | D:1      | Reached XP level 1. HP: 19/19 MP: 0/0
    48 | D:2      | Reached skill level 4 in Long Blades
    57 | D:2      | Reached XP level 2. HP: 19/27 MP: 1/1
   238 | D:3      | Reached XP level 3. HP: 14/33 MP: 2/2
   335 | D:4      | Found Meluijua's Magic Scroll Emporium.
   340 | D:4      | Bought a scroll of identify for 28 gold pieces
   378 | D:4      | Found a basalt altar of Yredelemnul.
   468 | D:5      | Entered Level 5 of the Dungeon
   476 | D:6      | Noticed an ogre
   477 | D:6      | Noticed a phantom
   490 | D:7      | Reached skill level 5 in Long Blades
   490 | D:7      | Reached skill level 1 in Armour
   490 | D:7      | Reached XP level 4. HP: 39/41 MP: 3/3
   497 | D:7      | meh
   500 | D:7      | Found a shadowy altar of Dithmenos.
   503 | D:7      | Found Pekytaj's Armour Boutique.
   508 | D:7      | Noticed an ice beast
   513 | D:7      | Killed an ice beast
   513 | D:7      | Reached XP level 5. HP: 38/47 MP: 4/4
   520 | D:7      | meh^2
   522 | D:7      | meh^3
   534 | D:7      | Reached skill level 6 in Long Blades
   551 | D:7      | Reached skill level 5 in Fighting
   551 | D:7      | Reached XP level 6. HP: 40/56 MP: 5/5
   560 | D:7      | Found Hicemuva's Weapon Shop.
   582 | D:7      | (
   619 | D:7      | HP: 2/56 [centaur (6)]
   744 | D:7      | Reached skill level 7 in Long Blades
   744 | D:7      | Reached XP level 7. HP: 30/61 MP: 6/6
   825 | D:7      | Found Raocamm's Antique Armour Shop.
   835 | D:7      | :(
   876 | D:7      | Found Xeomp's Weapon Boutique.
   878 | D:7      | Found Faulefy's Assorted Antiques.
   903 | D:7      | 4thArraOfDagon: 5 shops all useless
   903 | D:7      | Bought a blue potion for 31 gold pieces
   903 | D:7      | Bought a dark potion for 31 gold pieces
   915 | D:7      | lerst die
   935 | D:6      | Gained mutation: You have large cloven feet. [potion of beneficial mutation]
   978 | D:5      | Found Nis Dips's Jewellery Shop.
   993 | D:4      | Found a staircase to the Ecumenical Temple.
  1002 | Temple   | Entered the Ecumenical Temple
  1091 | Temple   | Became a worshipper of Warmaster Okawaru
  1091 | Temple   | Reached * piety under Okawaru
  1091 | Temple   | Reached ** piety under Okawaru
  1445 | D:5      | Gained mutation: You are partially covered in large bone plates. (SH +4) [potion of mutation]
  1445 | D:5      | Gained mutation: Potions and wands are less effective at restoring your health. [potion of mutation]
  1445 | D:5      | Gained mutation: You are robust. (+10% HP) [potion of mutation]
  1466 | D:5      | Reached skill level 1 in Invocations
  1625 | D:6      | Reached skill level 5 in Dodging
  1667 | D:6      | Reached skill level 8 in Long Blades
  1671 | D:6      | HP: 3/69 [orc priest/divine providence (15)]
  1672 | D:6      | Reached XP level 8. HP: 4/77 MP: 5/8
  1934 | D:8      | Reached skill level 5 in Armour
  2050 | D:8      | Gained mutation: You are clumsy. (Dex -2) [potion of mutation]
  2050 | D:8      | Gained mutation: You have an increased reservoir of magic. (+10% MP) [potion of mutation]
  2050 | D:8      | Lost mutation: You have an increased reservoir of magic. (+10% MP) [potion of mutation]
  2091 | D:8      | Reached skill level 9 in Long Blades
  2184 | D:9      | Found a staircase to the Orcish Mines.
  2289 | D:9      | Learned a level 1 spell: Apportation
  2307 | D:9      | Reached *** piety under Okawaru
  2310 | D:10     | Entered Level 10 of the Dungeon
  2555 | D:9      | Reached XP level 9. HP: 73/85 MP: 10/10
  2704 | D:11     | Noticed an elephant
  2779 | D:12     | Noticed an orc knight
  2796 | D:11     | Received a gift from Okawaru
  2832 | D:11     | Reached skill level 10 in Long Blades
  2844 | D:11     | Slain by an orc knight

Vault maps used:
D:1:      saegor_arrival_simple_e, minmay_crystal_water, nrook_loot_triangle
D:2:      grunt_temple_overflow_open, first_bread
D:3:      ecumenical_altar_2, uniq_jessica
D:4:      yredelemnul_altar_generic, serial_shops, nicolae_shop_crystal
D:5:      serial_shops, shop
D:7:      serial_shops, nicolae_shop_stone, nicolae_shop_stone, shop,
          nicolae_shop_window_shopping, shop, serial_aquarium,
          aquarium_bridge_square, aquarium_bridge_square, aquarium_window_fake,
          aquarium_window_3, aquarium_window_corner, aquarium_view_2b,
          aquarium_view_2f, grunt_dithmenos_smoke_and_mirrors
D:9:      erik_orc_3, uniq_joseph, uniq_psyche
D:11:     david_lair_generic
D:12:     uniq_erolcha
Temple:   dpeg_five_rooms_temple

Skill      XL: |  1  2  3  4  5  6  7  8  9 |
---------------+----------------------------+-----
Long Blades    | 4 5 6 7 8 9 10 | 10.0
Fighting       | 4 5 6 7 |  7.4
Armour         | 1 2 3 4 5 6 |  6.0
Dodging        | 4 5 6 |  6.6
Invocations    | 1 3 |  3.7
Stealth        | |  1.5

Action                   |  1- 3 |  4- 6 |  7- 9 || total
-------------------------+-------+-------+-------++-------
Melee: Falchion          |    68 |    49 |   340 ||   457
       Headbutt          |    13 |     8 |    81 ||   102
       Kick              |       |       |   104 ||   104
       Punch             |       |       |     3 ||     3
Throw: Throwing net      |       |       |     1 ||     1
Invok: Heroism           |       |       |     9 ||     9
Evoke: Wand              |       |       |     5 ||     5
  Use: Scroll            |     4 |       |    12 ||    16
       Potion            |     1 |     3 |     8 ||    12
 Stab: Sleeping          |     1 |       |       ||     1
       Held in net/web   |       |       |     2 ||     2
       Invisible         |       |       |     9 ||     9
  Eat: Chunk             |       |       |     4 ||     4
       Pizza             |       |       |     1 ||     1
       Fruit             |       |       |     4 ||     4
Armor: Robe              |     8 |       |       ||     8
       Chain mail        |     4 |    31 |    99 ||   134
       Skin              |       |     4 |       ||     4
Dodge: Dodged            |    46 |    19 |    98 ||   163
Block: Other             |       |     4 |   112 ||   116
       Reflection        |       |     1 |       ||     1
